Cogmind - Beta 17 @@@ ROGUE MODE // 2026.08.05 @ 22:32:12 Player: Floof Enjoyer Result: Destroyed by G-34 Mercenary with Small Laser Performance ------------- Evolutions (1) 500 Regions Visited (3) 600 Robots Destroyed (11) 55 Value Destroyed (350) 350 Prototype IDs (0) 0 Alien Tech Used (0) 0 Bonus (0) 0 TOTAL SCORE: 1505 Bonus ------- None Cogmind --------- Core Integrity 0/400 Matter 300/300 Energy 11/100 System Corruption 0% Temperature Cool (6) Movement Core (150) Ox2 Location -9/Materials Parts ------- > --- POWER (1) -------- (None) > --- PROPULSION (2) --- (None) > --- UTILITY (4) ------ Improved Heat Sink Small Storage Unit Power Shielding > --- WEAPON (2) ------- (None) > --- INVENTORY (8) ---- (None) Peak State ------------ > --- POWER ------------ Ion Engine > --- PROPULSION ------- Compact Wheel Compact Wheel > --- UTILITY ---------- Improved Heat Sink Small Storage Unit Seismic Detector Power Shielding > --- WEAPON ----------- Assault Rifle Light Assault Rifle > --- INVENTORY -------- Light Ion Engine Small Laser Light Assault Rifle Mining Laser Mining Laser [Rating: 11] Favorites ----------- Power Ion Engine Engine Ion Engine Propulsion Compact Wheel Wheel Compact Wheel Utility Small Storage Unit Device Seismic Detector Storage Small Storage Unit Protection Power Shielding Weapon Assault Rifle Energy Gun Medium Laser Ballistic Gun Assault Rifle Special Weapon Mining Laser Build | -11 -10 -10 -9 ------- Run | Yrd Mat Min Mat Slots Evolved 2 | . . . 2 Power . | . . . . Propulsion . | . . . . Utility 2 | . . . 2 Weapon . | . . . . Parts Attached 18 | 6 1 2 9 Power 3 | 1 . 1 1 Engine 3 | 1 . 1 1 Core . | . . . . Reactor . | . . . . Propulsion 3 | 2 . . 1 Treads . | . . . . Leg . | . . . . Wheel 3 | 2 . . 1 Hover . | . . . . Flight . | . . . . Utility 4 | 1 1 . 2 Device 2 | . 1 . 1 Storage 1 | 1 . . . Processor . | . . . . Hackware . | . . . . Protection 1 | . . . 1 Artifact . | . . . . Weapon 8 | 2 . 1 5 Energy Gun 3 | 1 . . 2 Energy Cannon . | . . . . Ballistic Gun 3 | 1 . 1 1 Ballistic Cannon . | . . . . Launcher . | . . . . Special Weapon 2 | . . . 2 Impact Weapon . | . . . . Slashing Weapon . | . . . . Piercing Weapon . | . . . . Special Melee Weapon . | . . . . Unidentified Prototypes . | . . . . Parts Lost 12 | . . 1 11 Power 2 | . . . 2 Propulsion 2 | . . . 2 Utility 1 | . . . 1 Weapon 7 | . . 1 6 Highest Loss Streak 11 | . . 1 11 To Critical Strikes . | . . . . Average Backups 5 | 2 3 7 3 Power . | . 1 1 . Propulsion . | . . 1 . Utility . | . . 1 . Weapon 3 | 1 1 4 2 Tool/Special . | . . . . Unused Backups . | . . . . Power . | . . . . Propulsion . | . . . . Utility . | . . . . Weapon . | . . . . Tool/Special . | . . . . Average Slot Usage (%) 92 | . 95 99 77 Engine 12 | . 14 14 8 Wheel 22 | . 28 28 9 Device 14 | . 10 14 17 Storage 13 | . 14 14 11 Protection 3 | . . . 10 Energy Gun 9 | . 14 8 9 Ballistic Gun 15 | . 14 19 10 Peak Build Rating 11 | 6 7 8 11 Average Rating 7 | 4 6 7 9 On Entrance 5 | . 6 7 8 Avg Prop Armor Cover (%) . | . . . . Naked Turns . | . . . . Heaviest Build 17 | 14 15 15 17 Greatest Support 32 | 32 32 32 32 Greatest Overweight (x) 5 | . . . 5 Average Overweight (x) . | . . . . Largest Inventory Capacity 8 | 8 8 8 8 Average Capacity 7 | 7 8 8 8 Most Carried 8 | 5 7 8 8 Average Carried 5 | 2 3 7 3 Final Capacity 8 | 8 8 8 8 Final Carried 8 | 2 7 8 . Class Distribution -------------------- 100% | Mutant Dominant Class ---------------- Mutant | -10/Materials Mutant | -10/Mines Mutant | -9/Materials Resources | -11 -10 -10 -9 ----------- Run | Yrd Mat Min Mat Matter Collected 447 | 228 . 133 86 Remotely . | . . . . Salvage Created 374 | . . 185 189 Parts 18 | . . 9 9 Haulers Intercepted . | . . . . Recyclers Shooed . | . . . . Parts Field Recycled . | . . . . Retrieved Matter . | . . . . Parts Self-Destructed . | . . . . Prevented . | . . . . Parts Restored . | . . . . Kills | -11 -10 -10 -9 ------- Run | Yrd Mat Min Mat Combat Hostiles Destroyed 11 | . . 6 5 Guns 9 | . . 6 3 Cannons 2 | . . . 2 Classes Destroyed 3 | . . 2 1 Swarmer 3 | . . 3 . Grunt 6 | . . 3 3 Sentry 2 | . . . 2 Best Kill Streak 3 | . . 3 2 Combat Bots Only 3 | . . 3 2 Max Kills in Single Turn 2 | . . 1 2 Gunslinging 1 | . . . 1 Exploded . | . . . . Melee . | . . . . Uniques/NPCs Destroyed . | . . . . Combat | -11 -10 -10 -9 -------- Run | Yrd Mat Min Mat Hostile Shots Fired 139 | . . 35 104 Missed 30 | . . 5 25 Hits 109 | . . 30 79 Projectile 109 | . . 30 79 Critical Strikes 2 | . . . 2 Damage Taken 1354 | . . 317 1037 Core 470 | . . 61 409 Absorbed by Shields . | . . . . Redirected to Shielding 28 | . . . 28 Core Remaining (%) 87 | 100 . 75 . Volleys Fired 44 | . 2 23 19 Largest 2 | . 2 2 2 Hottest 140 | . 70 70 140 Shots Fired 83 | . 4 45 34 Gun 79 | . 4 45 30 Cannon . | . . . . Launcher . | . . . . Special 4 | . . . 4 Kinetic 42 | . 2 29 11 Thermal 41 | . 2 16 23 Explosive . | . . . . Electromagnetic . | . . . . Robot Hit Streak 8 | . 2 4 8 Robot Miss Streak 6 | . 1 6 5 Penetration Max . | . . . . Secondary Targets 2 | . . . 2 Max Gunslinging Chain 1 | . . . 1 Shots Hit Robots 48 | . 3 23 22 Core Hits 20 | . . 9 11 Critical Kills . | . . . . Critical Parts Destroyed . | . . . . Critical Strikes . | . . . . Melee Attacks . | . . . . Impact . | . . . . Slashing . | . . . . Piercing . | . . . . Sneak Attacks . | . . . . Combat Hostiles . | . . . . Follow-up Attacks . | . . . . Damage Inflicted 600 | . 37 281 282 Guns 543 | . 37 273 233 Cannons . | . . . . Explosions . | . . . . Melee . | . . . . Ramming 9 | . . 8 1 Kinetic 296 | . 12 198 86 Thermal 295 | . 25 75 195 Explosive . | . . . . Electromagnetic . | . . . . Impact . | . . . . Slashing . | . . . . Piercing . | . . . . Highest Corruption . | . . . . Average Corruption . | . . . . Corruption Purged . | . . . . Corruption Blocked . | . . . . Overload Shots . | . . . . Overflow Damage . | . . . . Projectiles . | . . . . Explosions . | . . . . Melee . | . . . . Knockbacks . | . . . . Impact . | . . . . Kinetic . | . . . . Secondary . | . . . . Self-Inflicted Damage 4 | . . 4 . Shots . | . . . . Rammed 2 | . . 1 1 Targets Rammed 2 | . . 1 1 Kicked . | . . . . Crushed . | . . . . Highest Temperature 118 | . 18 118 63 Average Temperature 35 | . 10 44 19 Received Heat Transfer 582 | . . 117 465 Siege Activations . | . . . . Martial Activations . | . . . . Shielding Activations . | . . . . Robots Disrupted . | . . . . Combat Hostiles . | . . . . Robots Corrupted . | . . . . Combat Hostiles . | . . . . Parts Fried . | . . . . Impact Corruptions . | . . . . Robots Melted . | . . . . Combat Hostiles . | . . . . Parts Melted 1 | . . . 1 Heat Transferred 731 | . 74 222 435 Parts Sabotaged . | . . . . Parts Stolen . | . . . . Parts Stripped . | . . . . Power Chain Reactions . | . . . . Alert | -11 -10 -10 -9 ------- Run | Yrd Mat Min Mat Maximum Alert Level . | . . . . Low Security (%) 100 | 100 100 100 100 Level 1 . | . . . . Level 2 . | . . . . Level 3 . | . . . . Level 4 . | . . . . Level 5 . | . . . . High Security . | . . . . Max Security . | . . . . Peak Influence 80 | . . 60 80 Initial . | . . . . Average 16 | . . 20 24 Influence Increases 280 | . . 140 140 Destroy 0b10 Robot/C 220 | . . 120 100 Destroy Leader 60 | . . 20 40 Influence Decreases 250 | . . 140 110 Time Decay 180 | . . 130 50 Lost Part 70 | . . 10 60 Squads Dispatched 2 | . 1 . 1 Investigation . | . . . . Extermination . | . . . . Reinforcement 2 | . 1 . 1 Assault . | . . . . Garrison . | . . . . Intercept . | . . . . Searches Triggered . | . . . . Construction Impeded . | . . . . Haulers Reinforced . | . . . . Active Scanning Responses . | . . . . Cargo Convoy Interrupts . | . . . . Stealth | -11 -10 -10 -9 --------- Run | Yrd Mat Min Mat Distress Signals . | . . . . Communications Jammed . | . . . . Distress Signals . | . . . . Times Spotted 20 | . 1 7 12 Peak Tracking Total 7 | . 1 3 7 Tactical Retreats . | . . . . Traps | -11 -10 -10 -9 ------- Run | Yrd Mat Min Mat Traps Triggered . | . . . . Indirectly . | . . . . Trap Hack Attempts . | . . . . Triggered . | . . . . Disarmed . | . . . . Reprogrammed . | . . . . Reused . | . . . . Traps Extracted . | . . . . Installed . | . . . . Triggered . | . . . . Machines | -11 -10 -10 -9 ---------- Run | Yrd Mat Min Mat Machines Disabled . | . . . . Max in Single Turn . | . . . . Machines Repaired . | . . . . Machines Dismantled . | . . . . Machines Sabotaged . | . . . . Overloaded Fab Kills . | . . . . Hacking | -11 -10 -10 -9 --------- Run | Yrd Mat Min Mat Machines Accessed . | . . . . Terminals . | . . . . Fabricators . | . . . . Repair Stations . | . . . . Recycling Units . | . . . . Scanalyzers . | . . . . Garrison Access . | . . . . Total Hacks . | . . . . Successful . | . . . . Failed . | . . . . Catastrophic . | . . . . Database Lockouts . | . . . . Manual . | . . . . Terminals . | . . . . Fabricators . | . . . . Repair Stations . | . . . . Recycling Units . | . . . . Scanalyzers . | . . . . Garrison Access . | . . . . Terminal Hacks . | . . . . Fabricator Hacks . | . . . . Repair Station Hacks . | . . . . Recycling Unit Hacks . | . . . . Scanalyzer . | . . . . Garrison Access Hacks . | . . . . Unauthorized Hacks . | . . . . Terminals . | . . . . Fabricators . | . . . . Repair Stations . | . . . . Recycling Units . | . . . . Scanalyzers . | . . . . Garrison Access . | . . . . Data Cores Recovered . | . . . . Used . | . . . . Hacking Detections . | . . . . Full Trace Events . | . . . . Feedback Events . | . . . . Feedback Blocked . | . . . . Robot Schematics Acquired . | . . . . Robots Built . | . . . . Authchips . | . . . . Time . | . . . . Total Robot Build Rating . | . . . . Part Schematics Acquired . | . . . . Parts Built . | . . . . Authchips . | . . . . Time . | . . . . Total Part Build Rating . | . . . . Part Studies Acquired . | . . . . Parts Repaired . | . . . . Time . | . . . . Parts Recycled . | . . . . Recycled Matter . | . . . . Retrieved Matter . | . . . . Retrieved Components . | . . . . Parts Scanalyzed . | . . . . Part Schematics Acquired . | . . . . Parts Damaged . | . . . . Bothacking | -11 -10 -10 -9 ------------ Run | Yrd Mat Min Mat Used RIF Installer . | . . . . Robots Hacked . | . . . . Non-combat . | . . . . Combat . | . . . . Robot Hacks Applied . | . . . . Relay Couplers Released . | . . . . Fabnet Peak Effective % . | . . . . Robots Rewired . | . . . . Allies Hacked . | . . . . Hacks Repelled . | . . . . Allies | -11 -10 -10 -9 -------- Run | Yrd Mat Min Mat Total Allies . | . . . . Largest Group . | . . . . Highest-Rated Group . | . . . . Highest-Rated Ally . | . . . . Total Orders . | . . . . Ally Attacks . | . . . . Total Damage . | . . . . Kills . | . . . . Allies Corrupted . | . . . . Allies Melted . | . . . . Intel | -11 -10 -10 -9 ------- Run | Yrd Mat Min Mat Active Infowar (turns) 537 | . 104 320 113 Seismic 537 | . 104 320 113 Robot Analysis Total . | . . . . Derelict Logs Recovered 1 | . . 1 . Drone Launches . | . . . . Drone Recoveries . | . . . . Exploration | -11 -10 -10 -9 ------------- Run | Yrd Mat Min Mat Turns Passed 675 | 46 128 320 181 Spaces Moved 475 | 39 116 247 73 Core 32 | 11 . . 21 Treads . | . . . . Legs . | . . . . Wheels 443 | 28 116 247 52 Hover . | . . . . Flight . | . . . . Fastest Speed 50 | 50 100 100 100 Average Speed 104 | 85 100 100 134 Slowest Speed 300 | 100 100 100 300 Overloaded Moves . | . . . . Propulsion Burnouts . | . . . . Robots Hopped . | . . . . Potential Cave-ins . | . . . . Cave-ins Triggered . | . . . . Exploration Rate (%) 23 | 3 26 53 13 Regions Visited 3 Branch Regions 1 Pre-discovered Areas 1 | . . 1 . Known Exits Taken . | . . . . Unknown Exits Taken 3 | 1 1 1 . Scrap Searched 1 | . . 1 . Spaces Dug . | . . . . Terrain Destroyed . | . . . . Melee . | . . . . Projectile . | . . . . AOE . | . . . . Terrain Rammed . | . . . . Walls Destroyed . | . . . . Machines Disabled . | . . . . Actions | -11 -10 -10 -9 --------- Run | Yrd Mat Min Mat Total 565 | 51 124 276 114 Wait 8 | . . . 8 Move 472 | 38 115 246 73 Hop . | . . . . Pick Up 17 | 7 6 3 1 Fast Attach 1 | 1 . . . Attach 14 | 5 1 1 7 Detach . | . . . . Swap 4 | . . 1 3 Drop 3 | . . 1 2 Fire 44 | . 2 23 19 Melee . | . . . . Ram 2 | . . 1 1 Kick . | . . . . Crush . | . . . . Escape Stasis . | . . . . Rewire . | . . . . Trap . | . . . . Miscellaneous . | . . . . Route ------- -11/Scrapyard -10/Materials -10/Mines -9/Materials History --------- Turn | Location | Event 26 | -11/Scrapyard | Discovered new exit (range 15) 47 | -11/Scrapyard | Entered Materials 159 | -10/Materials | Discovered new exit (range 8) 175 | -10/Materials | Entered Mines 185 | -10/Mines | Met a Derelict bent on vengeance 267 | -10/Mines | Learned location of Zion (-7) 307 | -10/Mines | Build established: Mutant 449 | -10/Mines | Discovered new exit (range 10) 495 | -10/Mines | Entered Materials 495 | -9/Materials | Evolved 2 slots: Utility x2 657 | -9/Materials | Core integrity fell below 50% 667 | -9/Materials | Core integrity fell below 20% 676 | -9/Materials | Destroyed by G-34 Mercenary with Small Laser Last Messages --------------- R-06 Scavenger collects Lgt. Treads. Acquired 10 matter. R-06 Scavenger collects Heat Sink. Sml. Laser melted. G-34 Mercenary destroyed. Switching to secondary target: G-47 Trooper. Seismic Detector destroyed. K-01 Serf collects debris. Acquired 10 matter. K-01 Serf collects debris. Slammed into K-01 Serf. Lgt. Ion Engine destroyed. Particle Gun destroyed. Mining Laser destroyed. Ion Engine destroyed. Sml. Laser destroyed. G-34 Mercenary destroyed. G-47 Trooper destroyed. Acquired 15 matter. Mining Laser destroyed. Map ----- +----------------------------------------------------+ | ?????????????# """ #??????????????????????? | | ?????????????# """ !| #??????????????????????? | | ?????????????# """ | #??????????????????????? | | ????########## """ #??????????????????????? | | ??? #??????????????????????? | | ??? #??#???????????????????? | | ??? "" """ ???????????????? | | ????########## "" """ ###?????????????????? | | ????# # """ """ #???????????????????? | | ????# # """ """ #???????????????????? | | ????# + #???????????????????? | | ????# # #???????????????????? | | ????# """ # [[ "T" #???????????????????? | | ????# """ ?# [[ #???????????????????? | | ????? """ ?# [ #???????????????????? | | ????? ??# #############???????????????????? | | ?????######??# #??#######??????????????????????? | | # ########## #### #??????????????????????? | | # ""???????????????????? | | + ""???????????????????? | | *% %% o # ""???????????????????? | | ##########+##### #??????????????????????? | | ??????????# ## ##??????????????????????? | | ??????????# ! ## #############+##????????? | | ??????????# ## g% ????? | | ??????????# ## *@ ????? | | ??????????# """ """ ## = ????? | | ??????????# """ """ ## ################# ?????? | | ??????????# """ """ ## #???????????????????????? | | ??????????# ## r#???????????????????????? | | ??????????############ #???????????????????????? | | ?????????????????????# #???????????????????????? | | ?????????????????????# #???????????????????????? | | ?????????????????????# #???????????????????????? | | ?????????????????????# #???????????????????????? | | ?????????????????????# #???????????????????????? | | ?????????????????????# ????????????????????????? | | ?????????????????????# ????????????????????????? | | ?????????????????????# ????????????????????????? | | ?????????????????????# ????????????????????????? | | ?????????????????????????????????????????????????? | | ?????????????????????????????????????????????????? | | ?????????????????????????????????????????????????? | | ?????????????????????????????????????????????????? | | ?????????????????????????????????????????????????? | | ?????????????????????????????????????????????????? | | ?????????????????????????????????????????????????? | | ?????????????????????????????????????????????????? | | ?????????????????????????????????????????????????? | | ?????????????????????????????????????????????????? | +----------------------------------------------------+ Best States ------------- Heat Dissipation 42 Energy Generation 10 Energy Capacity 250 Matter Stores 300 Matter Capacity 300 Sight Range 16 Terrain Scan Density 10 Power Shielding 33 Evasion (%) 50 Item Schematics ----------------- None Robot Schematics ------------------ None Fabricated ------------ Nothing Repaired ---------- Nothing Studied --------- None Alien Tech Used ----------------- None Achievements -------------- None Challenges ------------ None Game ------ Seed DecoyCooledCasing Manual? 0 Play Time 00:07:19 Cumulative 8.8 hours Start 2026.08.05 @ 22:26:44 End 2026.08.05 @ 22:32:12 Sessions 1 Manual Loads 0 Difficulty Rogue Special Mode None Game No. 26 Rogue 26 Adventurer 0 Explorer 0 Win Type - Total 0 Types 0/0/0/0/0/0/0/0/0/0 Lore% 11 Gallery% 16 Achievement% 13 Wizard Run 0 Options --------- Layout 1 ASCII 0 Keyboard 0 Movement Mouse Keybinds 0 Fullscreen 1 Font 24/Smallcaps Map View 50x35 Zoom Use 0% Tactical HUD 0 Map Filters NONE Filters NONE Steam 1 RUN: c292a630-272d-4d18-b348-5a3fb2a67892